 Dungeon Crawl Stone Soup version 0.32-a0-656-g3542139ebd (webtiles) character file.

Game seed: 13232178517606671704

62 kae the Slasher (level 4, -2/33 HPs)
             Began as a Coglin Gladiator on Mar 8, 2024.
             Slain by a goblin
             ... wielding a +0 club
             ... led by Robin
              (3 damage)
             ... on level 2 of the Dungeon.
             The game lasted 00:01:04 (1258 turns).

kae the Slasher (Coglin Gladiator)                  Turns: 1258, Time: 00:01:05

Health: -2/33      AC:  4    Str: 15    XL:     4   Next: 8%
Magic:  4/4        EV: 12    Int:  7    God:
Gold:   61         SH:  0    Dex: 17    Spells: 3/3 levels left

rFire   . . .        a - +0 long sword {Shu}
rCold   . . .        f - +0 dagger {Byeongho}
rNeg    . . .        b - +0 leather armour
rPois   .            c - +0 helmet
rElec   .            (no cloak)
rCorr   .            (no gloves)
SInv    .            (no boots)
Will    .....        (amulet unavailable)
Stlth   +            (ring unavailable)
HPRegen 0.25/turn    (ring unavailable)
MPRegen 0.09/turn    (no gizmo)

%: no passive effects
@: revved
A: off-hand wielding, slow wielding, warmup strikes, no jewellery
a: Invent Gizmo


You were on level 2 of the Dungeon.
You visited 1 branch of the dungeon, and saw 2 of its levels.

You collected 61 gold pieces.


Innate Abilities, Weirdness & Mutations

You can wield a second weapon in your off-hand.
It takes a long time for you to wield or remove held weapons.
Your first few attacks do less damage.
You cannot equip rings or amulets.


   Skills:
 - Level 2.0 Fighting
 + Level 4.8 Long Blades
 - Level 1.7 Throwing
 - Level 2.6 Dodging


You had 3 spell levels left.
You didn't know any spells.
Your spell library was empty.

Inventory:

Hand Weapons
 a - a +0 long sword (weapon) {Shu}
 f - a +0 dagger (offhand) {Byeongho}
Missiles
 d - 3 throwing nets (quivered) {=f!f}
 e - a javelin
 g - 31 stones
Armour
 b - a +0 leather armour (worn)
 c - a +0 helmet (worn)
Jewellery
 m - an amulet of magic regeneration
   (You found it on level 1 of the Dungeon)
 O - a +4 ring of protection
   (You found it on level 1 of the Dungeon)
 S - a +6 ring of strength
   (You found it on level 1 of the Dungeon)
Potions
 h - a potion of curing {unknown}
 i - a potion of berserk rage {unknown}
 j - a potion of lignification {unknown}
 l - a potion of might {unknown}
 n - 2 potions of mutation {unknown}

Dungeon Overview and Level Annotations

Branches:
Dungeon (2/15) Zot: 10737

Altars:

............##..#..#..# .#
#.
.#..............#..#..##.##.
............##..#..#........
.#####........).............
.##...........)............#
.##..####..###.###.#..#.....
.##..## #..# #.# #...>#....#
.##...###..###.###g#..#....#
...............g@g..........
..#............ggg..........
..#.#.#........#####......
.................. ......
..#.#.#........#... .....#
.......##.###..#.## ....#
..#....##......... .....
.......######...... .......#
.#.#


You could see a hobgoblin (strong) and 5 goblins.


Message History

You barely miss Robin with your +0 dagger.
You closely miss Robin with your +0 long sword.
You hear a shout!
The goblin no longer looks unusually strong.
Robin roars a battlecry!
The goblin goes into a battle-frenzy! 😕 HP[+1]
You hit Robin with your +0 dagger.
You barely miss Robin with your +0 long sword.
Robin throws the goblin at you!
You barely miss Robin with your +0 dagger.
You completely miss Robin with your +0 long sword.
The goblin hits you but does no damage.
A hobgoblin comes into view.
Robin throws the goblin at you!
You barely miss Robin with your +0 dagger.
The hobgoblin shouts!
You hit Robin with your +0 long sword. The goblin misses you.
The goblin hits you with a +0 club. Robin misses you. 😮 HP[-6]
You take 6 damage, and now have 18/27 hp.
MASSIVE DAMAGE!! (PAUSE)
You barely miss Robin with your +0 dagger.
You barely miss Robin with your +0 long sword.
The goblin hits you with a +0 dagger. The goblin closely misses you.
Robin roars a battlecry!
The hobgoblin goes into a battle-frenzy! 😮 HP[-4]
You take 4 damage, and now have 14/27 hp.
Unknown command.
You hit Robin with your +0 dagger.
You barely miss Robin with your +0 long sword.
The goblin hits you with a +0 dagger.
* * * LOW HITPOINT WARNING * * *
The goblin hits you with a +0 club.
* * * LOW HITPOINT WARNING * * *
Robin roars a battlecry! 😱 HP[-10]
You take 10 damage, and now have 4/27 hp.
MASSIVE DAMAGE!! (PAUSE)
You barely miss Robin with your +0 dagger.
You completely miss Robin with your +0 long sword.
The goblin barely misses you. The goblin hits you with a +0 club.
* * * LOW HITPOINT WARNING * * *
😱 HP[-1]
You take 1 damage, and now have 3/27 hp.
Unknown command.
You are confused.
You feel invigorated. The goblin hits you with a +0 dagger.
* * * LOW HITPOINT WARNING * * *
The goblin hits you with a +0 dagger.
* * * LOW HITPOINT WARNING * * *
The goblin hits you but does no damage.
Robin roars a battlecry!
You bump into the rock wall.
The goblin hits you but does no damage. The goblin misses you.
Robin hits you with a +0 club.
* * * LOW HITPOINT WARNING * * *
😨 HP[+4]
You regained 4 hp, and now have 7/27 hp.
Unknown command.
You bump into the rock wall.
You feel less invigorated.
You feel less confused. The goblin barely misses you.
The goblin completely misses you. The hobgoblin hits you.
* * * LOW HITPOINT WARNING * * *
A goblin comes into view. It is wielding a +0 club.
The goblin barely misses you. 😨 HP[+1]
You barely miss Robin with your +0 long sword.
You barely miss Robin with your +0 dagger.
The goblin barely misses you. The goblin hits you but does no damage.
The hobgoblin barely misses you. The goblin barely misses you.
Unknown command.
You hit Robin but do no damage.
You barely miss Robin with your +0 long sword.
The goblin barely misses you. x2
The hobgoblin hits you but does no damage.
The goblin barely misses you. Robin hits you with a +0 club.
* * * LOW HITPOINT WARNING * * *
😱 HP[-2]
You take 2 damage, and now have 6/27 hp.
Unknown command.
You hit Robin but do no damage.
You slash Robin with your +0 long sword!
You kill Robin!
The goblin closely misses you. The hobgoblin barely misses you.
The goblin hits you but does no damage. The goblin hits you with a +0 club.
* * * LOW HITPOINT WARNING * * *
The goblin closely misses you.
You have reached level 4!
You feel stronger. 😱 HP[-3] MP[+1]
You now have 33 max hp (+6).
Your mp is fully restored (4).
You slash the goblin with your +0 long sword!
You kill the goblin!
The hobgoblin closely misses you. The goblin hits you but does no damage.
The goblin hits you with a +0 dagger.
* * * LOW HITPOINT WARNING * * *
The goblin hits you with a +0 club.
You die...

Skill      XL: |  1  2 |
---------------+-------+-----
Long Blades    | 4 |  4.8
Fighting       | |  2.0
Throwing       | |  1.7
Dodging        | |  2.6

Action                     |  1- 3 |  4- 6 || total
---------------------------+-------+-------++-------
  Melee: Long sword        |    73 |     1 ||    74
         Dagger            |    63 |       ||    63
    Use: Scroll            |     3 |       ||     3
         Potion            |     2 |       ||     2
   Stab: Sleeping          |     2 |       ||     2
 Armour: Leather armour    |    57 |     3 ||    60
  Dodge: Dodged            |    55 |     1 ||    56

Levels and vault maps discovered:
D:1:      dpeg_arrival_oval, layout_loops_corners, wad_floor_pattern_untrapped
D:2:      layout_basic, basic_ecumenical_altar, minmay_distorted, uniq_robin

Notes
Turn   | Place    | Note
-------+----------+-------------------------------------------
     0 | D:1      | kae the Coglin Gladiator began the quest for the Orb.
     0 | D:1      | Reached XP level 1. HP: 16/16 MP: 1/1
     0 | D:1      | magus.rc [v1.11.3]
   196 | D:1      | Reached XP level 2. HP: 18/22 MP: 2/2
   608 | D:1      | Reached skill level 4 in Long Blades
   791 | D:1      | Reached XP level 3. HP: 27/27 MP: 3/3
  1064 | D:2      | Found a faded altar of an unknown god.
  1113 | D:2      | Noticed Robin
  1115 | D:2      | HP: 6/27 [goblin/+0 club[Robin] (3)]
  1250 | D:2      | HP: 4/27 [goblin/+0 club[Robin] (5)]
  1256 | D:2      | HP: 6/27 [Robin/+0 club (2)]
  1257 | D:2      | Killed Robin
  1258 | D:2      | Reached XP level 4. HP: 3/33 MP: 4/4
  1258 | D:2      | HP: 1/33 [goblin/+0 dagger[Robin] (2)]
  1258 | D:2      | Slain by a goblin

Vanquished Creatures
  Robin (D:2)
  An adder (D:2)
  2 dart slugs
  5 endoplasms
  3 giant cockroaches
  7 goblins
  4 hobgoblins
  3 ball pythons (D:1)
  4 bats (D:1)
  A frilled lizard (D:1)
  5 kobolds (D:1)
  A rat (D:1)
37 creatures vanquished.

Table legend:
 A = Non-vault XP
 B = Vault XP
 C = Vault XP percentage of total XP
 D = Non-vault monster count
 E = Vault monster count
 F = Vault count percentage of total count
                 A         B        C        D         E       F
            +---------+---------+-------+---------+---------+-------
      Total |      64 |      27 |  29.7 |      30 |       7 |  18.9
            +---------+---------+-------+---------+---------+-------
        D:1 |      37 |       0 |   0.0 |      23 |       0 |   0.0
        D:2 |      27 |      27 |  50.0 |       7 |       7 |  50.0
            +---------+---------+-------+---------+---------+-------

Skill      XL: |  1  2 |
---------------+-------+-----
Long Blades    | 4 |  4.8
Fighting       | |  2.0
Throwing       | |  1.7
Dodging        | |  2.6

Action                     |  1- 3 |  4- 6 || total
---------------------------+-------+-------++-------
  Melee: Long sword        |    73 |     1 ||    74
         Dagger            |    63 |       ||    63
    Use: Scroll            |     3 |       ||     3
         Potion            |     2 |       ||     2
   Stab: Sleeping          |     2 |       ||     2
 Armour: Leather armour    |    57 |     3 ||    60
  Dodge: Dodged            |    55 |     1 ||    56

Illustrated notes

Table legend:
 A = Kills in this place as a percentage of kills in the entire game.
 B = Kills by you in this place as a percentage of kills by you in the entire game.
 C = Kills by friends in this place as a percentage of kills by friends in the entire game.
 D = Other kills in this place as a percentage of other kills in the entire game.
 E = Experience gained in this place as a percentage of experience gained in the entire game.
 F = Experience gained in this place divided by the number of levels of this place that you have seen.
                   A       B       C       D       E      F
               +-------+-------+-------+-------+-------+----------------------
         Total | 100.0 | 100.0 |   N/A |   N/A | 100.0 |  45.5
       Dungeon | 100.0 | 100.0 |   N/A |   N/A | 100.0 |  45.5
               +-------+-------+-------+-------+-------+----------------------

Table legend: (Time is in decaauts)
 A = Elapsed time spent in this place.
 B = Non-inter-level travel time spent in this place.
 C = Inter-level travel time spent in this place.
 D = Time resting spent in this place.
 E = Time spent auto-exploring this place.
 F = Levels seen in this place.
 G = Mean time per level.
                   A        B        C        D        E       F      G
               +--------+--------+--------+--------+--------+-----+--------+
         Total |   1261 |   1250 |     11 |      9 |   1017 |   2 |  630.5 |
       Dungeon |   1261 |   1250 |     11 |      9 |   1017 |   2 |  630.5 |
               +--------+--------+--------+--------+--------+-----+--------+

Top non-repeatable levels by time:
     D:1: 1060 daAuts
     D:2: 201 daAuts
